 Dungeon Crawl Stone Soup version 0.29-a0-666-g26d293caef (webtiles) character file.

Game seed: 18222974506851047310

23893 Haaias the Severer (level 12, -8/100 HPs)
             Began as a Minotaur Berserker on June 23, 2022.
             Was an Elder of Trog.
             Mangled by an orc warrior
             ... wielding a +0 hand axe
             ... led by an orc warlord
              (14 damage)
             ... on level 1 of the Orcish Mines.
             The game lasted 00:30:45 (18730 turns).

Haaias the Severer (Minotaur Berserker)            Turns: 18730, Time: 00:30:45

Health: -8/100     AC: 25    Str: 26    XL:     12   Next: 75%
Magic:  12/12      EV:  9    Int:  4    God:    Trog [****..]
Gold:   1203       SH:  0    Dex: 11    Spells: 11/11 levels left

rFire   x . .      SeeInvis .   I - +2 broad axe (vorpal)
rCold   + + .      Faith    .   (no shield)
rNeg    . . .      Spirit   .   h - +2 plate armour
rPois   .          Reflect  .   (helmet restricted)
rElec   .          Harm     .   n - scarf {repulsion}
rCorr   .          Rampage  .   A - +2 pair of gloves
Will    .....                   (no boots)
Stlth   ..........              y - amulet of the acrobat
HPRegen 0.26/turn               q - +4 ring of protection
MPRegen 0.13/turn               E - ring of ice

@: about to teleport, repel missiles
A: horns 2, retaliatory headbutt, hooves 1, cold resistance 1, high MP 1, robust
1
a: Renounce Religion, Berserk, Trog's Hand, Brothers in Arms


You were on level 1 of the Orcish Mines.
You worshipped Trog.
Trog was greatly pleased with you.
You visited 2 branches of the dungeon, and saw 13 of its levels.

You collected 1385 gold pieces.
You spent 182 gold pieces at shops.

Inventory:

Hand Weapons
 a - a +0 spectral hand axe
 i - a +2 vorpal war axe
 H - the +1 quarterstaff "Roeclit" {freeze, Fly rN+ Str+2 Dex+2}
   (You found it on level 10 of the Dungeon)

   It freezes those it strikes, dealing additional cold damage.
   It can also slow down cold-blooded creatures.
   Str:       It affects your strength (+2).
   Dex:       It affects your dexterity (+2).
   rN:        It protects you from negative energy.
   Fly:       It grants you flight.
 I - a +2 vorpal broad axe (weapon)
Missiles
 l - 8 boomerangs (quivered)
Armour
 b - a +0 animal skin
 g - a +0 cloak
 h - a +2 plate armour (worn)
 n - a scarf of repulsion (worn)
 A - a +2 pair of gloves (worn)
 B - an orb of wrath
Jewellery
 q - a +4 ring of protection (left hand)
 y - an amulet of the acrobat (around neck)
 E - a ring of ice (right hand)
Wands
 k - a wand of acid (9)
 D - a wand of flame (4)
Scrolls
 c - 3 scrolls of magic mapping
 e - 2 scrolls of teleportation
 u - a scroll of brand weapon
 w - a scroll of fog
 x - a scroll of identify
Potions
 d - 3 potions of haste
 f - 5 potions of curing
 j - a potion of invisibility
 m - a potion of resistance
 o - 3 potions of degeneration
 p - 3 potions of might
 r - 2 potions of lignification
 s - 3 potions of heal wounds
 t - 2 potions of magic
 v - a potion of ambrosia {unknown}
 z - a potion of flight {unknown}
 C - a potion of brilliance {unknown}
 F - a potion of mutation
 G - a potion of berserk rage {unknown}


   Skills:
 - Level 3.6 Fighting
 * Level 20.7 Axes
 + Level 0.1 Throwing
 + Level 13.9 Armour
 + Level 3.7 Dodging
 + Level 1.7 Stealth
 + Level 1.9 Evocations


You had 11 spell levels left.
You didn't know any spells.
Your spell library contained the following spells:

 Spells                   Type           Power      Damage    Failure   Level
 Frozen Ramparts          Ice            0%         1d2       100%        3
 Ice Form                 Ice/Tmut       0%         N/A       100%        4
 Summon Ice Beast         Ice/Summ       0%         N/A       100%        4


Dungeon Overview and Level Annotations

Branches:
Dungeon (12/15)            Temple (0/1) D:4            Lair (0/6) D:10
    Orc (1/2) D:12

Altars:
Gozag
Ru
Trog
Wu Jian

Shops:
D:1 ?   D:3 (   D:11 (   Orc:1 (

Annotations:
D:11 2 transporters, KristoblXynda's ghost, journeyman DrMo
Orc:1 1 transporter


Innate Abilities, Weirdness & Mutations

You have a pair of horns on your head.
You reflexively headbutt those who attack you in melee.
You have large cloven feet.
Your flesh is cold resistant. (rC+)
You have an increased reservoir of magic. (+10% MP)
You are robust. (+10% HP)


Message History

The orc priest mumbles some strange prayers to Beogh against you.
Beogh smites you!
The orc sorcerer gestures at you while chanting.
You suddenly lose the ability to move!
The orc knight roars a battlecry!
The orcs go into a battle-frenzy!
You hear a shout! x3
The orc shouts!
The warg bites you.
The orc priest looks encouraged for a moment.
You hear a shout!
You hear a shout! x2
The warg bites you! The warg bites you but does no damage.
You hear a shout!
You hear a howl!
The warg bites you!
The orc knight roars a battlecry!
The orc goes into a battle-frenzy!
The warg bites you!
The orc warrior hits you with a +0 hand axe.
You can move again.
Unknown command.
Unknown command.
As you read the scroll of teleportation, it crumbles to dust.
You feel strangely unstable. The warg barely misses you. x2
The orc warrior hits you with a +0 hand axe.
The orc sorcerer points at you and mumbles some strange words.
The bolt of fire hits you!!! The fire burns you terribly!
* * * LOW HITPOINT WARNING * * *
Your ogre goes berserk!
The warg barely misses you.
The orc warrior hits you but does no damage.
The orc hits you with a +0 flail.
* * * LOW HITPOINT WARNING * * *
Something hits you but does no damage.
The orc knight hits your ogre with a +2 great sword!!
The orc sorcerer mumbles some strange words.
The orc barely misses your ogre.
The orc warrior attacks as you move away!
The orc warrior hits you with a +0 hand axe!
You die...

........# ..........# ..
........#.# ...
..........# #..#
......oo#.##....
.......Oo.#.....
.......ho.3.....
.......@ooo.....
.......o{.#....
..........## .
#..........##
............##
.............###########
#.............))).......
..............))).......
.#.......##...).###.##.


You could see an orc knight, a sixfirhy (summoned), a warg (ally target), an orc
sorcerer, an orc warrior (strong), an orc priest, 4 orcs and a friendly ogre
(summoned, berserk).

Vanquished Creatures
  Fannar (D:10)
  A hydra (D:11)
  Erolcha (D:11)
  3 boulder beetles
  3 two-headed ogres
  2 centaur warriors (D:11)
  Erica (D:11)
  Sonja (D:11)
  2 skeletal warriors (D:12)
  2 deep elf pyromancers
  An orc knight (D:11)
  2 manticores (D:11)
  A wolf spider (shapeshifter) (D:11)
  3 cyclopes
  2 gargoyles (D:12)
  2 komodo dragons (D:10)
  2 hornets
  3 trolls
  A slime creature (D:11)
  Grinder (D:4)
  A shadow (D:10)
  A wraith (D:12)
  4 wyverns
  10 yaks
  Menkaure (D:4)
  2 basilisks
  A warg (Orc:1)
  A steam dragon (D:10)
  2 water moccasins (D:5)
  2 acid dragons (D:11)
  9 orc warriors
  2 sky beasts
  2 black bears
  3 ice beasts
  Pargi (D:3)
  4 ogres
  6 centaurs
  A phantom (D:7)
  A bullfrog (D:8)
  2 gnoll sergeants
  2 necrophages
  2 scorpions
  6 wights
  6 killer bees (D:9)
  3 howler monkeys
  2 jellies
  6 orc priests
  8 hounds
  2 gnoll shamans
  4 iguanas
  5 orc wizards
  Natasha (thrice) (D:2)
  26 gnolls
  15 adders
  2 shadow imps
  2 white imps
  An ufetubus (D:6)
  5 worms
  49 orcs
  9 ball pythons
  7 endoplasms
  3 goblins
  4 hobgoblins
  6 jackals
  5 kobolds
  A quokka (D:4)
  5 bats
  4 frilled lizards
  6 rats
290 creatures vanquished.

Vanquished Creatures (collateral kills)
  A skeletal warrior (D:12)
  An orc warrior (Orc:1)
  2 wights (D:9)
4 creatures vanquished.

Vanquished Creatures (others)
  A komodo dragon (D:10)
  A swamp drake (D:10)
  A centaur (D:10)
  57 plants (D:4)
60 creatures vanquished.

Grand Total: 354 creatures vanquished

Notes
Turn   | Place    | Note
-------+----------+-------------------------------------------
     0 | D:1      | Haaias the Minotaur Berserker began the quest for the Orb.
     0 | D:1      | Reached XP level 1. HP: 19/19 MP: 0/0
   107 | D:1      | Reached skill level 4 in Axes
   141 | D:1      | Reached XP level 2. HP: 27/27 MP: 1/1
   341 | D:1      | Found Morhealy's Magic Scroll Boutique.
   663 | D:2      | Reached XP level 3. HP: 20/33 MP: 2/2
   667 | D:2      | Reached skill level 5 in Axes
   672 | D:2      | Reached XP level 4. HP: 7/40 MP: 3/3
  1273 | D:2      | Reached ** piety under Trog
  1492 | D:2      | Reached skill level 6 in Axes
  1559 | D:2      | Noticed Natasha
  1564 | D:2      | Killed Natasha
  1565 | D:2      | Reached XP level 5. HP: 37/46 MP: 4/4
  1794 | D:2      | Noticed Natasha
  1799 | D:2      | Killed Natasha
  2024 | D:2      | Noticed Natasha
  2031 | D:2      | Killed Natasha
  2423 | D:3      | Reached skill level 7 in Axes
  2482 | D:3      | Reached XP level 6. HP: 52/52 MP: 5/5
  2560 | D:3      | Found Xogawk's Weapon Emporium.
  2868 | D:3      | Noticed Pargi
  2880 | D:3      | Killed Pargi
  3500 | D:4      | Noticed Grinder
  3517 | D:4      | Killed Grinder
  3518 | D:4      | Reached skill level 8 in Axes
  3518 | D:4      | Reached XP level 7. HP: 55/58 MP: 6/6
  3584 | D:4      | Found a staircase to the Ecumenical Temple.
  3632 | D:4      | Noticed Menkaure
  3639 | D:4      | Killed Menkaure
  3640 | D:4      | Reached skill level 9 in Axes
  3640 | D:4      | Reached skill level 5 in Armour
  3768 | D:4      | Found a sacrificial altar of Ru.
  3774 | D:4      | Found an opulent altar of Gozag.
  4173 | D:5      | Entered Level 5 of the Dungeon
  4268 | D:5      | Reached skill level 10 in Axes
  4335 | D:5      | Reached XP level 8. HP: 66/66 MP: 7/7
  4375 | D:5      | Reached *** piety under Trog
  4416 | D:5      | Reached skill level 11 in Axes
  5431 | D:5      | Reached skill level 12 in Axes
  5750 | D:6      | Found an ornate altar of the Wu Jian Council.
  5940 | D:6      | Reached XP level 9. HP: 69/71 MP: 8/8
  6302 | D:6      | Reached skill level 13 in Axes
  7456 | D:7      | Reached skill level 14 in Axes
  8052 | D:8      | Reached skill level 15 in Axes
  8641 | D:8      | Reached XP level 10. HP: 70/78 MP: 9/9
  9628 | D:9      | Reached skill level 16 in Axes
  9927 | D:9      | Found Ybuotetac's Antique Armour Emporium.
 10043 | D:9      | Found the amulet of the Four Winds {rN+ Will+++ Clar}
 10044 | D:9      | Noticed a manticore
 10044 | D:9      | Noticed a purple ugly thing
 10045 | D:9      | Noticed a four-headed hydra
 10045 | D:9      | Noticed a deep elf pyromancer
 10045 | D:9      | Noticed a centaur warrior
 10054 | D:9      | Noticed a cyclops
 10054 | D:9      | Noticed a white ugly thing
 10054 | D:9      | Noticed a four-headed hydra
 10092 | D:10     | Entered Level 10 of the Dungeon
 10116 | D:10     | Reached **** piety under Trog
 10493 | D:10     | Noticed a deep elf pyromancer
 10505 | D:10     | Killed a deep elf pyromancer
 10506 | D:10     | Reached skill level 17 in Axes
 10506 | D:10     | Reached skill level 1 in Stealth
 10600 | D:10     | Noticed Fannar
 10653 | D:10     | Noticed a two-headed ogre
 10661 | D:10     | Killed a two-headed ogre
 11013 | D:10     | Killed Fannar
 11014 | D:10     | Reached XP level 11. HP: 83/83 MP: 10/10
 11400 | D:10     | Identified the +1 quarterstaff "Roeclit" {freeze, Fly rN+
                  | Str+2 Dex+2}
 11506 | D:10     | Found a staircase to the Lair.
 11622 | D:11     | Noticed a two-headed ogre
 11623 | D:11     | Found a transporter.
 11626 | D:11     | Found a bloodstained altar of Trog.
 11626 | D:11     | Noticed KristoblXynda's ghost (journeyman DrMo)
 11635 | D:11     | Noticed a two-headed ogre
 11636 | D:11     | Noticed a tengu warrior
 11642 | D:11     | Found a transporter.
 11680 | D:11     | Noticed Erolcha
 11688 | D:11     | Killed Erolcha
 11689 | D:11     | Reached skill level 18 in Axes
 11689 | D:11     | Reached skill level 10 in Armour
 11700 | D:11     | Noticed Erica
 11707 | D:11     | Killed Erica
 11849 | D:11     | Noticed a two-headed ogre
 11854 | D:11     | Killed a two-headed ogre
 12348 | D:11     | Noticed an orc knight
 12349 | D:11     | Noticed a four-headed hydra
 12350 | D:11     | Noticed a deep elf pyromancer
 12352 | D:11     | Noticed a centaur warrior
 12354 | D:11     | Noticed a centaur warrior
 12354 | D:11     | Noticed Sonja
 12836 | D:12     | Reached skill level 1 in Evocations
 12839 | D:12     | Found a gate leading to a gauntlet.
 12937 | D:12     | Found a staircase to the Orcish Mines.
 13149 | D:12     | Noticed a boulder beetle
 13194 | D:12     | Killed a boulder beetle
 13195 | D:12     | Reached skill level 19 in Axes
 14143 | D:12     | Noticed a skeletal warrior
 14143 | D:12     | Noticed a skeletal warrior
 14144 | D:12     | Noticed a skeletal warrior
 14149 | D:12     | Killed a skeletal warrior
 14154 | D:12     | Killed a skeletal warrior
 14161 | D:12     | Killed a skeletal warrior
 15069 | D:11     | Reached XP level 12. HP: 81/91 MP: 11/11
 15091 | D:11     | Killed an eight-headed hydra
 15157 | D:11     | Killed Sonja
 15969 | D:11     | Noticed a boulder beetle
 16052 | D:11     | Killed a centaur warrior
 16053 | D:11     | Reached skill level 20 in Axes
 16092 | D:11     | Killed a boulder beetle
 17071 | D:11     | Gained mutation: You have large cloven feet. [potion of
                  | mutation]
 17071 | D:11     | Gained mutation: You are robust. (+10% HP) [potion of
                  | mutation]
 17071 | D:11     | Gained mutation: You have an increased reservoir of magic.
                  | (+10% MP) [potion of mutation]
 17071 | D:11     | Gained mutation: Your flesh is cold resistant. (rC+)
                  | [potion of mutation]
 17126 | D:11     | Noticed a boulder beetle
 17136 | D:11     | Killed a centaur warrior
 17138 | D:11     | Killed a boulder beetle
 17390 | D:11     | Found Dodac's Antique Weapon Emporium.
 17554 | Orc:1    | Entered Level 1 of the Orcish Mines
 17639 | Orc:1    | Found a transporter.
 17644 | Orc:1    | Noticed a two-headed ogre
 17647 | Orc:1    | Found Butra's Antique Weapon Emporium.
 17656 | Orc:1    | Killed a two-headed ogre
 17991 | Orc:1    | Bought a runed broad axe for 182 gold pieces
 18723 | Orc:1    | Paralysed by an orc sorcerer for 4 turns
 18730 | Orc:1    | Mangled by an orc warrior

Illustrated notes

Levels and vault maps discovered:
D:1:      ncdulo_lavacross, layout_basic, serial_shops,
          nicolae_shop_hallway_plus
D:2:      layout_basic, uniq_natasha
D:3:      layout_basic, serial_shops, nicolae_shop_trees, uniq_pargi
D:4:      layout_basic, mainiacjoe_overflow_catch_the_wave,
          minmay_temple_entry_arrows, chequers_decorated_corner, uniq_menkaure,
          uniq_grinder
D:5:      layout_basic, minmay_misc_feat_hallway
D:6:      kennysheep_spiral_hall, layout_layer_cave, overflow_temple_1_default,
          minmay_misc_feat_columns, kennysheep_generic_room_5
D:7:      layout_gridville, minmay_holes, mrwooster_statue_mirror
D:8:      layout_gridville
D:9:      layout_basic, serial_shops, shop, minivault_12
D:10:     layout_rooms, erik_lair_dragon, uniq_fannar
D:11:     layout_gridville, gammafunk_ghost_wrathful_warriors, serial_shops,
          nicolae_shop_temple_entry_statues_fountains, serial_rivers,
          chequers_serial_rivers_micro_a, chequers_serial_rivers_room_b,
          chequers_serial_rivers_large_b, chequers_serial_rivers_micro_c,
          chequers_serial_rivers_micro_b, minivault_28, uniq_erolcha,
          uniq_erica, uniq_sonja
D:12:     layout_irregular_city, hiddenorc2_lemuel, gauntlet_entry_generic
Orc:1:    emtedronai_trogs_sanctum, layout_diamond_mine, serial_shops,
          shop_fountains, minmay_orc_treasury

Skill      XL: |  1  2  3  4  5  6  7  8  9 10 11 12 |
---------------+-------------------------------------+-----
Axes           | 4 5 6 7 8 10 12 15 17 19 20 | 20.7
Armour         | 3 4 5 6 8 9 11 13 | 13.9
Stealth        | 1 |  1.7
Dodging        | 3 |  3.7
Evocations     | 1 |  1.9
Fighting       | |  3.6
Throwing       | |  0.1

Action                   |  1- 3 |  4- 6 |  7- 9 | 10-12 || total
-------------------------+-------+-------+-------+-------++-------
Melee: Hand axe          |     8 |       |       |       ||     8
       Headbutt          |     4 |    19 |    30 |    93 ||   146
       War axe           |    21 |   105 |   236 |   458 ||   820
       Punch             |       |     1 |     6 |     3 ||    10
       Broad axe         |       |       |       |    25 ||    25
       Kick              |       |       |       |    18 ||    18
Throw: Throwing net      |       |       |     1 |       ||     1
Invok: Berserk           |     1 |       |     4 |     6 ||    11
       Trog's Hand       |       |       |     2 |     6 ||     8
       Brothers in Arms  |       |       |       |     3 ||     3
Evoke: Wand              |       |       |       |     8 ||     8
  Use: Scroll            |     4 |     4 |     9 |    16 ||    33
       Potion            |       |       |       |     3 ||     3
Armor: Animal skin       |     3 |       |       |       ||     3
       Plate armour      |    15 |    96 |   131 |   250 ||   492
Dodge: Dodged            |    12 |    47 |    88 |   254 ||   401
       Repelled          |       |       |     1 |     5 ||     6

Table legend: (Time is in decaauts)
 A = Elapsed time spent in this place.
 B = Non-inter-level travel time spent in this place.
 C = Inter-level travel time spent in this place.
 D = Time resting spent in this place.
 E = Time spent auto-exploring this place.
 F = Levels seen in this place.
 G = Mean time per level.
                   A        B        C        D        E       F      G
               +--------+--------+--------+--------+--------+-----+--------+
         Total |  18720 |  18273 |    447 |   8678 |   7298 |  13 | 1440.0 |
       Dungeon |  17548 |  17101 |    447 |   7988 |   6940 |  12 | 1462.3 |
  Orcish Mines |   1171 |   1171 |      0 |    690 |    358 |   1 | 1171.0 |
               +--------+--------+--------+--------+--------+-----+--------+

Top non-repeatable levels by time:
    D:11: 3270 daAuts
    D:12: 2660 daAuts
     D:2: 1761 daAuts
     D:6: 1543 daAuts
    D:10: 1503 daAuts
     D:8: 1499 daAuts
     D:5: 1350 daAuts
   Orc:1: 1171 daAuts
     D:3: 1051 daAuts
     D:7: 940 daAuts
     D:4: 746 daAuts
     D:1: 649 daAuts
     D:9: 571 daAuts
